 Dungeon Crawl Stone Soup version 0.29-a0-330-g52719c12eb (webtiles) character file.

Game seed: 16569534866334057226

6074 Argons the Carver (level 10, -3/84 HPs)
             Began as a Grey Draconian Chaos Knight on Apr 16, 2022.
             Was a Plaything of Xom.
             Slain by a vampire (7 damage)
             ... on level 9 of the Dungeon.
             The game lasted 00:53:07 (8885 turns).

Argons the Carver (Grey Draconian Chaos Knight)     Turns: 8885, Time: 00:53:08

Health: -3/84      AC: 13    Str: 18    XL:     10   Next: 57%
Magic:  16/16      EV: 15    Int: 15    God:    Xom [....*.]
Gold:   536        SH:  0    Dex: 17    Spells: 7/17 levels left

rFire   . . .      SeeInvis .   h - +0 falchion (elec)
rCold   . . .      Faith    .   (no shield)
rNeg    . . .      Spirit   .   (body armour unavailable)
rPois   .          Reflect  .   (helmet restricted)
rElec   .          Harm     .   l - +0 cloak
rCorr   .          Rampage  .   (no gloves)
Will    .....                   (no boots)
Stlth   ++........              (no amulet)
HPRegen 0.24/turn               a - +6 ring of dexterity
MPRegen 0.15/turn               (no ring)

@: about to teleport, cleaving
A: AC +12, amphibious, unfitting armour, cold-blooded, claws 1, clever 1
a: Renounce Religion


You were on level 9 of the Dungeon.
You worshipped Xom.
You were a beloved toy of Xom.
You visited 1 branch of the dungeon, and saw 9 of its levels.

You collected 626 gold pieces.
You spent 90 gold pieces at shops.

Inventory:

Hand Weapons
 h - a +0 falchion of electrocution (weapon)
Missiles
 m - 2 throwing nets
 A - 2 poisoned darts
Armour
 l - a +0 cloak (worn)
Jewellery
 a - a +6 ring of dexterity (left claw)
 x - a ring of flight
Wands
 i - a wand of mindburst (14)
 w - a wand of acid (4)
 D - a wand of charming (7)
Scrolls
 d - 3 scrolls of enchant weapon
 f - 3 scrolls of teleportation
 k - a scroll of silence
 o - a scroll of fog {unknown}
 t - a scroll of immolation {unknown}
 u - a scroll of summoning {unknown}
 v - 3 scrolls of fear
 y - a scroll of blinking {unknown}
 z - 2 scrolls of vulnerability {unknown}
 B - a scroll of amnesia
Potions
 c - 2 potions of berserk rage
 e - 3 potions of ambrosia
 g - 2 potions of cancellation
 j - a potion of lignification
 n - 2 potions of resistance
 p - 2 potions of mutation
 q - 3 potions of curing
 r - a potion of invisibility
 s - 2 potions of flight
 C - 2 potions of brilliance {unknown}
Miscellaneous
 b - a piece from Xom's chessboard (12/15) (quivered)


   Skills:
 - Level 6.7 Fighting
 + Level 12.9 Long Blades
 - Level 6.0 Dodging
 - Level 4.0 Spellcasting
 + Level 3.3 Earth Magic


You had 7 spell levels left.
You knew the following spells:

 Your Spells              Type           Power      Damage    Failure   Level
a - Dragon Form           Tmut           1%         N/A       100%        7
b - Stone Arrow           Conj/Erth      14%        3d7       28%         3

Your spell library contained the following spells:

 Spells                   Type           Power      Damage    Failure   Level
 Sandblast                Erth           24%        2d8       4%          1
 Passwall                 Tmut/Erth      5%         N/A       14%         2
 Slow                     Hex            12%        N/A       19%         1
 Confusing Touch          Hex            3%         N/A       47%         3
 Gell's Gravitas          Tloc           3%         N/A       47%         3
 Teleport Other           Tloc           3%         N/A       47%         3
 Vampiric Draining        Necr           3%         2d6       47%         3
 Cause Fear               Hex            1%         N/A       87%         4
 Dispersal                Tloc           1%         N/A       100%        6
 Dragon's Call            Summ           1%         N/A       100%        9


Dungeon Overview and Level Annotations

Branches:
Dungeon (9/15)             Temple (0/1) D:7             Orc (0/2) D:9
   Lair: D:8-11

Altars:
Cheibriados
Elyvilon
Trog
Vehumet
Yredelemnul

Shops:
D:3 ?   D:9 (

Annotations:
D:3 scrolls


Innate Abilities, Weirdness & Mutations

Your dull iron-grey scales are very hard. (AC +12)
You are amphibious.
You cannot fit into any form of body armour.
You are cold-blooded and may be slowed by cold attacks.
You have sharp fingernails.
Your mind is acute. (Int +2)


Message History

You bump into the rock wall.
Something draws life force from you!
You bump into the rock wall.
Something hits you. Something bites you but does no damage.
You hit something but do no damage. Something hits you but does no damage.
Something bites you but does no damage.
You hit something. You hit something. Something barely misses you.
Something bites you!
Something draws strength from your injuries!
You're too confused to move!
Something hits you. Something bites you.
Something draws strength from your injuries!
You completely miss something. Something hits you. Something barely misses you.
You barely miss something.
Your tail-slap misses something.
You feel less confused.
You barely miss something. Something hits you but does no damage.
Something bites you but does no damage.
You miss something. You miss something. Something hits you!
* * * LOW HITPOINT WARNING * * *
Something bites you but does no damage.
You hit something but do no damage. You tail-slap something.
Something barely misses you. Something bites you!
* * * LOW HITPOINT WARNING * * *
Something draws strength from your injuries!
You closely miss something. You barely miss something.
Something barely misses you. x2
You miss something. Something hits you but does no damage.
Something bites you but does no damage.
You hit something.
Your tail-slap misses something.
You barely miss something. Your claw misses something. Something hits you.
* * * LOW HITPOINT WARNING * * *
Something bites you!
* * * LOW HITPOINT WARNING * * *
Xom is amused.
Something draws strength from your injuries!
As you read the scroll of teleportation, it crumbles to dust.
You feel strangely unstable. Something hits you but does no damage.
Something bites you but does no damage.
There is a stone staircase leading down here.
Something hits you!
You die...

#.#.#..........
#.#.#.........
#.#.#.....#.#
#.#>#.......#
#.#.'.......#
#.###.......# #.#
#.......#
#{###.......#
#.@.'.......#
#####......#####..
######......).
#............
#............
####............
#...............
#.#...######+#..
#............###


There were no monsters in sight!

Vanquished Creatures
  Prince Ribbit (D:8)
  Grinder (D:3)
  2 wyverns (D:7)
  A wraith (D:7)
  Grum (D:8)
  5 yaks
  3 water moccasins
  An orc warrior (D:7)
  A black bear (D:4)
  3 wolves (D:8)
  An ogre (D:7)
  4 centaurs
  2 phantoms
  2 lemures (D:4)
  Blork the orc (D:6)
  4 bullfrogs
  6 necrophages
  2 scorpions
  6 wights
  9 killer bees (D:8)
  A howler monkey (D:5)
  Crazy Yiuf (D:3)
  A jelly (D:4)
  3 orc priests
  6 hounds
  An iron imp (D:4)
  3 iguanas
  7 orc wizards
  Robin (D:3)
  11 adders
  2 shadow imps (D:5)
  A white imp (D:6)
  An ufetubus (D:5)
  3 dart slugs
  16 orcs
  A bat (D:3)
  7 endoplasms
  4 giant cockroaches
  15 goblins
  5 hobgoblins
  3 jackals (D:3)
  5 quokkas
  5 ball pythons
  2 frilled lizards
  4 kobolds
  7 rats
172 creatures vanquished.

Vanquished Creatures (collateral kills)
  Pikel (D:4)
  A wyvern (D:7)
  A wolf (D:8)
  A lemure (D:4)
  2 orc wizards (D:6)
  A jackal (D:3)
7 creatures vanquished.

Vanquished Creatures (others)
  A bush (D:8)
1 creature vanquished.

Grand Total: 180 creatures vanquished

Notes
Turn   | Place    | Note
-------+----------+-------------------------------------------
     0 | D:1      | Argons the Draconian Chaos Knight began the quest for the
                  | Orb.
     0 | D:1      | Reached XP level 1. HP: 19/19 MP: 1/1
    99 | D:1      | XOM: divination: detect items
   143 | D:1      | XOM: silly message
   179 | D:1      | Reached XP level 2. HP: 21/26 MP: 2/2
   460 | D:1      | Reached skill level 4 in Long Blades
   909 | D:2      | XOM: silly message
  1070 | D:2      | Reached XP level 3. HP: 31/31 MP: 3/3
  1088 | D:2      | XOM: silly message
  1388 | D:2      | XOM: divination: magic mapping
  1999 | D:3      | Noticed Grinder
  2080 | D:3      | XOM: summons friendly shadow imp
  2119 | D:3      | Noticed a scorpion
  2126 | D:3      | Killed a scorpion
  2127 | D:3      | Reached skill level 5 in Long Blades
  2127 | D:3      | Reached XP level 4. HP: 38/38 MP: 4/4
  2163 | D:3      | Found Vucwyr's Magic Scroll Shop.
  2180 | D:3      | Bought a scroll of silence for 90 gold pieces
  2198 | D:3      | XOM: confuse monster(s)
  2203 | D:3      | Reached XP level 5. HP: 36/45 MP: 5/5
  2398 | D:4      | Reached skill level 6 in Long Blades
  2406 | D:4      | Noticed Edmund
  2406 | D:4      | XOM: 1-stop teleportation journey
  2458 | D:3      | XOM: polymorph goblin -> jackal
  2459 | D:3      | XOM: god gift: 66 gold pieces
  2516 | D:3      | Noticed Robin
  2541 | D:3      | Killed Robin
  2643 | D:2      | XOM: stat loss: -1 Int (9/12)
  3021 | D:3      | XOM: divination: detect creatures
  3064 | D:3      | Paralysed by Grinder for 2 turns
  3075 | D:3      | Killed Grinder
  3076 | D:3      | Reached XP level 6. HP: 53/53 MP: 6/6
  3223 | D:3      | Found a runed translucent door.
  3224 | D:3      | Noticed Crazy Yiuf
  3264 | D:3      | Killed Crazy Yiuf
  3360 | D:4      | Noticed Edmund
  3360 | D:4      | Edmund changed into Edmund the jelly
  3360 | D:4      | XOM: polymorph Edmund -> Edmund the jelly
  3364 | D:4      | Killed Edmund the jelly
  3365 | D:4      | Reached skill level 5 in Fighting
  3430 | D:4      | XOM: fog
  3453 | D:4      | Noticed Pikel
  3454 | D:4      | Found a basalt altar of Yredelemnul.
  3469 | D:4      | XOM: fog
  3497 | D:4      | Your scales start taking on a dull iron-grey colour.
  3497 | D:4      | Reached XP level 7. HP: 56/61 MP: 7/7
  3528 | D:4      | Killed Pikel
  3529 | D:4      | Reached skill level 5 in Dodging
  3529 | D:4      | Reached XP level 8. HP: 51/71 MP: 8/8
  3771 | D:4      | Identified the +9 trident of Vorel {flame, Int+3}
  3989 | D:4      | XOM is BORED!
  3989 | D:4      | XOM: summons 3 hostile demons
  4123 | D:4      | Found a snail-covered altar of Cheibriados.
  4257 | D:5      | Entered Level 5 of the Dungeon
  4322 | D:5      | XOM: enchant monster (bad)
  4361 | D:5      | Reached skill level 7 in Long Blades
  4592 | D:5      | XOM: cloud trail
  4634 | D:5      | Reached skill level 8 in Long Blades
  4961 | D:6      | XOM: cast spell 'Summon Mana Viper'
  5072 | D:6      | Reached skill level 9 in Long Blades
  5072 | D:6      | Reached XP level 9. HP: 70/78 MP: 9/9
  5152 | D:6      | XOM: silly message
  5518 | D:6      | Found a white marble altar of Elyvilon.
  5589 | D:6      | XOM: silly message
  5661 | D:6      | Noticed Blork the orc
  5669 | D:6      | Killed Blork the orc
  5670 | D:6      | Reached skill level 10 in Long Blades
  6018 | D:7      | XOM: cloud trail
  6028 | D:7      | XOM: summons 4 friendly demons
  6066 | D:7      | XOM: cast spell 'Metabolic Englaciation'
  6067 | D:7      | XOM: destruction
  6085 | D:7      | XOM: summons 4 friendly demons
  6087 | D:7      | Found a staircase to the Ecumenical Temple.
  6092 | D:7      | XOM: divination: detect items
  6094 | D:7      | XOM: polymorph something unseen -> centaur
  6264 | D:7      | Reached skill level 11 in Long Blades
  6307 | D:7      | XOM: summons 9 friendly demons
  6336 | D:7      | XOM: 1-stop teleportation journey
  6499 | D:7      | Learned a level 7 spell: Dragon Form
  6666 | D:7      | XOM: confuse monster(s)
  6912 | D:7      | XOM: confuse monster(s)
  7029 | D:8      | Noticed Prince Ribbit
  7038 | D:8      | Reached skill level 1 in Spellcasting
  7053 | D:8      | XOM: cleaving
  7054 | D:8      | XOM: summons 5 friendly demons
  7064 | D:8      | XOM: confuse monster(s)
  7071 | D:8      | Killed Prince Ribbit
  7072 | D:8      | Reached skill level 12 in Long Blades
  7090 | D:8      | Reached XP level 10. HP: 84/84 MP: 12/12
  7163 | D:8      | XOM: give mutations
  7163 | D:8      | Gained mutation: You have sharp fingernails. [Xom's grace]
  7163 | D:8      | Gained mutation: Your mind is acute. (Int +2) [Xom's grace]
  7569 | D:8      | Found a bloodstained altar of Trog.
  7642 | D:8      | XOM: god gift: scroll of teleportation
  7654 | D:8      | Noticed Grum
  7655 | D:8      | XOM: summons 2 friendly demons
  7675 | D:8      | Killed Grum
  7704 | D:8      | XOM: summons friendly iron imp
  7706 | D:8      | XOM: polymorph iron imp -> shadow imp
  7730 | D:8      | XOM: fog
  7738 | D:8      | XOM: divination: magic mapping
  8064 | D:8      | Learned a level 3 spell: Stone Arrow
  8084 | D:8      | Reached skill level 1 in Earth Magic
  8160 | D:8      | XOM: torment (43/84 hp)
  8456 | D:8      | XOM: enchant monster (good)
  8734 | D:9      | Found Onuddiwk's Antique Weapon Boutique.
  8781 | D:9      | Found a radiant altar of Vehumet.
  8850 | D:9      | Found a staircase to the Orcish Mines.
  8860 | D:9      | XOM: cleaving
  8882 | D:9      | HP: 3/84 [something (9)]
  8885 | D:9      | Slain by a vampire

Illustrated notes

Levels and vault maps discovered:
D:1:      giann_wishing_wells, layout_loops_ring, minmay_tromino_v4_c
D:2:      layout_loops_corners
D:3:      layout_loops_ring, serial_shops, shop, minivault_19, minivault_14,
          uniq_crazy_yiuf_cottage, uniq_grinder, uniq_robin
D:4:      layout_rooms, mainiacjoe_overflow_concentric_impassable,
          chei_slow_surprise, uniq_pikel, uniq_edmund
D:5:      layout_loops_cross
D:6:      layout_basic, elyvilon_altar_1, minmay_misc_feat_cross,
          nicolae_concentric_dashed_squares_mild, uniq_blork_the_orc
D:7:      layout_loops_corners, minmay_temple_entry_waves, serial_glass,
          glass_columns_a, glass_columns_b, glass_columns_c, glass_columns_a,
          glass_columns_a, glass_columns_a, glass_columns_c, glass_columns_a,
          glass_columns_a, glass_columns_a, feat_on_display
D:8:      layout_loops_cross, mainiacjoe_overflow_surrounded_room,
          kb_lookout_dungeons_type, uniq_grum, uniq_prince_ribbit1
D:9:      kennysheep_six_static_rooms, layout_basic, lemuel_tele_altar,
          serial_shops, nicolae_inconvenience_store

Skill      XL: |  1  2  3  4  5  6  7  8  9 10 |
---------------+-------------------------------+-----
Long Blades    | 4 5 6 9 12 | 12.9
Fighting       | 4 5 6 |  6.7
Dodging        | 3 4 5 6 |  6.0
Spellcasting   | 1 4 |  4.0
Earth Magic    | 3 |  3.3

Action                   |  1- 3 |  4- 6 |  7- 9 | 10-12 || total
-------------------------+-------+-------+-------+-------++-------
Melee: Falchion          |    90 |   108 |   352 |   173 ||   723
       Tailslap          |    13 |    14 |    55 |    28 ||   110
       Punch             |       |       |     4 |     3 ||     7
Evoke: Piece from Xom's  |     4 |     3 |     3 |     3 ||    13
       Wand              |     4 |       |     2 |       ||     6
  Use: Scroll            |     5 |     2 |     3 |     3 ||    13
       Potion            |       |     2 |     2 |       ||     4
 Stab: Sleeping          |     1 |     1 |     1 |       ||     3
       Petrified         |       |     5 |       |     2 ||     7
Armor: Skin              |    25 |    34 |   151 |    57 ||   267
Dodge: Dodged            |    39 |    45 |   230 |    98 ||   412

Table legend: (Time is in decaauts)
 A = Elapsed time spent in this place.
 B = Non-inter-level travel time spent in this place.
 C = Inter-level travel time spent in this place.
 D = Time resting spent in this place.
 E = Time spent auto-exploring this place.
 F = Levels seen in this place.
 G = Mean time per level.
                   A        B        C        D        E       F      G
               +--------+--------+--------+--------+--------+-----+--------+
         Total |   8822 |   8252 |    570 |   1448 |   1307 |   9 |  980.2 |
       Dungeon |   8822 |   8252 |    570 |   1448 |   1307 |   9 |  980.2 |
               +--------+--------+--------+--------+--------+-----+--------+

Top non-repeatable levels by time:
     D:7: 1546 daAuts
     D:2: 1493 daAuts
     D:8: 1275 daAuts
     D:3: 1065 daAuts
     D:4: 1012 daAuts
     D:6: 831 daAuts
     D:1: 724 daAuts
     D:5: 639 daAuts
     D:9: 233 daAuts
